 Dungeon Crawl Stone Soup version 0.21.1-1-g345015f (webtiles) character file.

1901 Zachthehappycat the Covert (level 8, -5/36 HPs)
             Began as a Spriggan Enchanter on Feb 4, 2018.
             Was a Believer of Elyvilon.
             Slain by Mesmaeker13's ghost (18 damage)
             ... on level 5 of the Dungeon on May 6, 2018.
             The game lasted 00:57:00 (8101 turns).

Zachthehappycat the Covert (Spriggan Enchanter)     Turns: 8101, Time: 00:57:01

Health: -5/36      AC:  3    Str:  2 (4)  XL:     8   Next: 94%
Magic:  6/17       EV: 22    Int: 17 (18) God:    Elyvilon [**....]
Gold:   247        SH:  0    Dex: 17      Spells: 12/18 levels left

rFire    . . .     SeeInvis +   I - +2 whip (freeze)
rCold    . . .     Gourm    .   (shield restricted)
rNeg     . . .     Faith    .   v - +1 robe {Archmagi}
rPois    .         Spirit   .   (helmet restricted)
rElec    .         Reflect  .   (no cloak)
rCorr    .         Harm     .   (gloves unavailable)
MR       +....                  (boots unavailable)
Stlth    ++++++....             (no amulet)
HPRegen  0.12/turn              F - ring of wizardry
MPRegen  0.15/turn              w - ring of flight

@: very quick
A: very small, unfitting armour, see invisible, herbivore, speed 3, slow
metabolism 2
a: Lesser Healing, Heal Other, Divine Protection, Renounce Religion, Evoke
Flight


You were on level 5 of the Dungeon.
You worshipped Elyvilon.
Elyvilon was pleased with you.
You were not hungry.

You visited 2 branches of the dungeon, and saw 6 of its levels.

You collected 247 gold pieces.

Inventory:

Hand Weapons
 a - a +1 dagger
 e - a +1 dagger of speed
 f - a +2 whip of draining
 h - a +1 hand axe of electrocution
 I - a +2 whip of freezing (weapon)
Missiles
 g - 217 stones
 k - 79 sling bullets
 t - 52 arrows
 u - 3 tomahawks
 y - 35 bolts
 E - 2 throwing nets (quivered)
Armour
 b - a +0 robe
 v - a +1 robe of the Archmagi (worn)
Jewellery
 w - a ring of flight (right hand)
 F - a ring of wizardry (left hand)
Wands
 z - a wand of iceblast (11)
 A - a wand of flame (5)
 C - a wand of polymorph (18)
Scrolls
 i - 4 scrolls of teleportation
 j - a scroll of magic mapping {unknown}
 n - a scroll of fog {unknown}
 o - 9 scrolls of identify
 x - a scroll of amnesia {unknown}
 B - 2 scrolls of remove curse
 G - a scroll of noise {unknown}
 H - a scroll of random uselessness {unknown}
Books
 c - a book of Maledictions

   Spells                             Type                      Level
   a - Corona                         Hexes                        1
   b - Ensorcelled Hibernation        Hexes/Ice                    2
   c - Confuse                        Hexes                        3
   d - Tukima's Dance                 Hexes                        3
   e - Dazzling Spray                 Conjuration/Hexes            3
Comestibles
 d - 4 rations


   Skills:
 + Level 4.6 Short Blades
 + Level 6.7 Dodging
 + Level 13.9 Stealth
 + Level 5.6 Spellcasting
 - Level 3.6 Hexes


You had 12 spell levels left.
You knew the following spells:

 Your Spells              Type           Power        Failure   Level  Hunger
a - Corona                Hex            ####...      1%          1    None
b - Ensorcelled Hibernat  Hex/Ice        ###...       4%          2    #......
c - Confuse               Hex            ####....     3%          3    ##.....


Dungeon Overview and Level Annotations

Branches:
Dungeon (5/15)             Temple (1/1) D:5

Altars:
Ashenzari
Cheibriados
Dithmenos
Elyvilon
Fedhas
Gozag
Hepliaklqana
Kikubaaqudgha
Makhleb
Nemelex Xobeh
Okawaru
Qazlal
Ru
Trog
Uskayaw
Vehumet
Wu Jian
Xom
Zin
The Shining One

Shops:
D:5 (

Annotations:
D:5 Mesmaeker13's ghost, novice OgWn


Innate Abilities, Weirdness & Mutations

You are very small and have problems with some larger weapons.
You are too small for most types of armour.
You have supernaturally acute eyesight. (SInv)
You are a herbivore.
You cover ground extremely quickly.
You need consume almost no food.


Message History

Press: ? - help, Shift-Dir - straight line, f/p - Mesmaeker13's ghost
Aim: Mesmaeker13's ghost (chance to defeat MR: 26%)
You feel a surge of power!
Mesmaeker13's ghost easily resists.
Casting: Confuse
Confirm with . or Enter, or press ? or * to list all spells.
Aiming: Corona
Press: ? - help, Shift-Dir - straight line, f/p - Mesmaeker13's ghost
Aim: Mesmaeker13's ghost (chance to defeat MR: 36%)
You feel a surge of power!
Mesmaeker13's ghost is outlined in light.
You hit Mesmaeker13's ghost but do no damage.
Mesmaeker13's ghost hits you!
You hit Mesmaeker13's ghost. You freeze Mesmaeker13's ghost.
Mesmaeker13's ghost is lightly damaged.
Mesmaeker13's ghost hits you but does no damage.
You barely miss Mesmaeker13's ghost.
Mesmaeker13's ghost is lightly damaged.
Mesmaeker13's ghost hits you!!
Ouch! That really hurt!
You die...

.##.....# ##...# ##.####..
....###.# #..## #...##..
.#### .### #..#
######.##.# .# .....
#...######.>.......# .#
####.##.#.......<####.....
## #.......##...#######...
#...##....#...........
#.......###...........
#.##.@W...............
#...)###.>.........###
......#### #.#+#.......#
..### #.'∩+.......#
###'#.......# #.........#
###########


You could see Mesmaeker13's ghost.

Vanquished Creatures
  Pikel (D:4)
  Grinder (D:3)
  Sigmund (D:2)
  The ghost of Santangelo the Charlatan, an amateur DDAr of Ashenzari (D:3)
  Menkaure (D:4)
  A slave (D:4)
  A phantom (D:5)
  2 ogres (D:5)
  3 crimson imps
  A centaur zombie (D:4)
  A hound (D:5)
  A jelly (D:5)
  3 orc priests
  2 bullfrog skeletons
  An orc wizard (D:4)
  An iguana (D:5)
  3 worker ants
  3 gnolls (D:5)
  4 adders
  An adder skeleton (D:4)
  3 worms
  A dart slug (D:1)
  3 leopard geckos
  6 orcs
  3 giant cockroaches
  9 goblins
  6 hobgoblins
  11 jackals
  5 kobolds
  A quokka (D:2)
  A ball python (D:1)
  6 bats
  7 frilled lizards
  A leopard gecko skeleton (D:4)
  10 rats
  A plant (D:3)
107 creatures vanquished.

Notes
Turn   | Place    | Note
-------+----------+-------------------------------------------
     0 | D:1      | Zachthehappycat the Spriggan Enchanter began the quest for the Orb.
     0 | D:1      | Reached XP level 1. HP: 9/9 MP: 5/5
   277 | D:1      | Reached skill level 5 in Stealth
   464 | D:1      | Reached XP level 2. HP: 3/13 MP: 6/6
   820 | D:1      | Learned a level 2 spell: Ensorcelled Hibernation
  1124 | D:1      | Reached skill level 6 in Stealth
  1875 | D:1      | Reached XP level 3. HP: 16/16 MP: 8/8
  2354 | D:2      | Learned a level 3 spell: Confuse
  2383 | D:2      | Found a stormy altar of Qazlal.
  2386 | D:2      | Reached skill level 7 in Stealth
  2439 | D:2      | Found a blossoming altar of Fedhas.
  2810 | D:2      | Reached XP level 4. HP: 21/21 MP: 9/9
  2928 | D:2      | Found a white marble altar of Elyvilon.
  2977 | D:2      | Became a worshipper of Elyvilon the Healer
  2980 | D:2      | Noticed Sigmund
  2992 | D:2      | Killed Sigmund
  2992 | D:2      | Reached skill level 10 in Stealth
  2992 | D:2      | Reached XP level 5. HP: 24/24 MP: 6/10
  3260 | D:3      | Noticed Santangelo's ghost (amateur DDAr)
  3279 | D:3      | Killed Santangelo's ghost
  3279 | D:3      | Reached skill level 11 in Stealth
  3279 | D:3      | Reached XP level 6. HP: 14/28 MP: 9/11
  3795 | D:3      | Reached * piety under Elyvilon
  3988 | D:3      | Noticed Grinder
  4477 | D:3      | Killed Grinder
  4477 | D:3      | Reached skill level 12 in Stealth
  4477 | D:3      | Reached XP level 7. HP: 18/32 MP: 12/12
  5398 | D:4      | Noticed Menkaure
  5414 | D:4      | Killed Menkaure
  5730 | D:4      | Reached skill level 13 in Stealth
  6102 | D:4      | Noticed Pikel
  6140 | D:4      | Killed Pikel
  6140 | D:4      | Reached skill level 5 in Dodging
  6140 | D:4      | Reached XP level 8. HP: 18/36 MP: 13/16
  6357 | D:4      | Found an ornate altar of the Wu Jian Council.
  6362 | D:4      | Found a shimmering altar of Xom.
  6367 | D:4      | Upgraded the game from 0.21.1 to 0.21.1-1-g345015f
  6457 | D:5      | Entered Level 5 of the Dungeon
  6457 | D:5      | Reached ** piety under Elyvilon
  6637 | D:5      | Found a staircase to the Ecumenical Temple.
  6662 | Temple   | Entered the Ecumenical Temple
  7211 | D:5      | HP: 2/54 [hound (2)]
  7217 | D:5      | Reached skill level 5 in Spellcasting
  8045 | D:5      | Found Gimmuhiro's Weapon Shop.
  8067 | D:5      | Noticed Mesmaeker13's ghost (novice OgWn)
  8101 | D:5      | Slain by Mesmaeker13's ghost

Skill      XL: |  1  2  3  4  5  6  7  8 |
---------------+-------------------------+-----
Stealth        | 5 6 7 10 11 12 13 | 13.9
Spellcasting   | 4 5 |  5.6
Short Blades   | 3 4 |  4.6
Dodging        | 5 6 |  6.7
Hexes          | |  3.6

Action                   |  1- 3 |  4- 6 |  7- 9 || total
-------------------------+-------+-------+-------++-------
Melee: Whip              |    89 |     8 |   139 ||   236
       Dagger            |    30 |    31 |    11 ||    72
       Hand axe          |    42 |    68 |    52 ||   162
       Unarmed           |       |     4 |       ||     4
Throw: Stone             |     3 |       |     2 ||     5
       Throwing net      |       |       |     3 ||     3
 Cast: Ensorcelled Hiber |     2 |     1 |    15 ||    18
       Corona            |     1 |     5 |     3 ||     9
       Confuse           |       |     1 |     8 ||     9
Evoke: Wand              |       |     9 |    26 ||    35
  Use: Scroll            |     2 |     1 |     2 ||     5
       Potion            |       |       |    13 ||    13
 Stab: Sleeping          |    13 |     8 |    13 ||    34
       Distracted        |       |     1 |       ||     1
       Confused          |       |       |     5 ||     5
  Eat: Ration            |       |     1 |     2 ||     3
Armor: Robe              |    12 |    12 |    16 ||    40
       Skin              |       |       |    18 ||    18
Dodge: Dodged            |   160 |    92 |   177 ||   429
